 Dungeon Crawl Stone Soup version 0.26-a0-774-g1415c89e12 (console) character file.

Game seed: 9469497376922865657

84 Konan the Digger (level 4, -3/40 HPs)
             Began as a Troll Earth Elementalist on Nov 8, 2020.
             Was an Initiate of Sif Muna.
             Killed by nerve-wracking pain
             ... invoked by an orc priest
              (12 damage)
             ... on level 3 of the Dungeon on Nov 9, 2020.
             The game lasted 00:33:32 (2235 turns).

Konan the Digger (Troll Earth Elementalist)         Turns: 2235, Time: 00:33:33

Health: -3/40      AC:  6    Str: 16    XL:     4   Next: 24%
Magic:  5/5        EV: 10    Int: 11    God:    Sif Muna [......]
Gold:   62         SH:  0    Dex: 11    Spells: 6/6 levels left

rFire    . . .     SeeInvis .     - Unarmed
rCold    . . .     Faith    .   (no shield)
rNeg     . . .     Spirit   .   J - +0 robe
rPois    .         Reflect  .   (helmet restricted)
rElec    .         Harm     .   (no cloak)
rCorr    .         Rampage  .   (gloves unavailable)
MR       .....                  (boots unavailable)
Stlth    ++........             (no amulet)
HPRegen  0.53/turn              (no ring)
MPRegen  0.09/turn              (no ring)

@: no status effects
A: large, unfitting armour, claws 3, regeneration 1, shaggy fur 1, tough skin 3
a: Renounce Religion


You were on level 3 of the Dungeon.
You worshipped Sif Muna.
Sif Muna was noncommittal.
You visited 1 branch of the dungeon, and saw 3 of its levels.

You collected 62 gold pieces.

Inventory:

Hand Weapons
 f - a +0 hunting sling
 g - a +0 spear
 h - a +0 dagger
 i - a +0 club {Satan}
 n - a +0 whip
 o - a +0 club
 q - a +0 club
 w - a cursed -3 whip
 x - a +0 mace
 y - a cursed -2 mace
 z - a +0 club
 A - a +0 club
 D - a +0 dagger
 F - a +0 club
 G - a +0 club
 O - a +2 falchion of holy wrath
Missiles
 b - 94 stones (quivered)
 l - 15 poisoned darts
 m - 6 large rocks
 s - 14 sling bullets
 C - 24 arrows
 H - 2 javelins
Armour
 c - a +0 robe
 d - a +0 chain mail
 j - a +0 robe
 k - a +0 plate armour
 p - a +0 ring mail
 t - a +0 leather armour
 v - a +0 chain mail
 B - a +0 pair of gloves
 E - a cursed +0 ring mail
 J - a +0 robe (worn)
 M - a +0 robe
 N - a +0 ring mail
Scrolls
 a - 3 scrolls of enchant weapon
 r - a scroll of random uselessness {unknown}
 u - a scroll of remove curse
 I - a scroll of magic mapping {unknown}
 K - a scroll of identify {unknown}
 L - a scroll of fear {unknown}
Potions
 e - 2 potions of brilliance


   Skills:
 + Level 0.4 Fighting
 + Level 2.2 Dodging
 + Level 1.1 Stealth
 + Level 2.1 Unarmed Combat
 + Level 1.5 Spellcasting
   Level 0.6 Transmutations
   Level 3.1 Earth Magic


You had 6 spell levels left.
You didn't know any spells.
Your spell library contained the following spells:

 Spells                   Type           Power        Failure   Level
 Sandblast                Erth           #.....       9%          1
 Passwall                 Tmut/Erth      #.......     22%         2
 Stone Arrow              Conj/Erth      #.....       43%         3
 Petrify                  Tmut/Erth      #.......     82%         4
 Lee's Rapid Deconstruct  Erth           #.........   93%         5


Dungeon Overview and Level Annotations

Branches:
Dungeon (3/15)

Altars:
Sif Muna

Annotations:
D:3 Sigmund


Innate Abilities, Weirdness & Mutations

You are too large for most types of armour.
You have claws for hands.
Your natural rate of healing is unusually fast.
You are covered in fur. (AC +1)
You have extremely tough skin. (AC +3)


Message History

You claw the orc!
You kill the orc!
Sif Muna accepts your kill. The orc barely misses you.
The orc priest invokes the aid of Beogh against you.
Beogh smites you! The orc hits you but does no damage.
Things that are here:
a +2 falchion of holy wrath; an orc corpse
O - a +2 falchion of holy wrath The orc priest calls down the wrath of Beogh upon you.
Beogh smites you!
The orc priest calls down the wrath of Beogh upon you.
Pain shoots through your body!
* * * LOW HITPOINT WARNING * * *
The orc hits you but does no damage.
You scratch the orc but do no damage.
The orc priest calls down the wrath of Beogh upon you.
Pain shoots through your body!
You die...

.....≈# .#. ....≈#
#.# #..≈#### #.#
#..≈##.###.#
#..≈#...##.###.#
#...'...†.......
#..≈#...##.###.#
#..≈##.###.#
..#######(.≈######.#
......oo...≈##.....#
......o@.(.≈##.#####
≈≈≈≈≈.≈≈≈≈≈≈##.#
#####+########.# #.#
..#.#### ##.#....#
#.......##.##
##.###.###...#
...###.....#.#
..##.....#...#.# #
.. #...#.##..#


You could see 2 orc priests and an orc.

Vanquished Creatures
  4 adders
  A worm (D:2)
  A dart slug (D:2)
  2 leopard geckos
  An orc (D:3)
  A ball python (D:3)
  2 giant cockroaches (D:1)
  8 goblins
  5 hobgoblins
  A quokka (D:2)
  3 bats
  3 frilled lizards
  4 kobolds
  4 rats
40 creatures vanquished.

Notes
Turn   | Place    | Note
-------+----------+-------------------------------------------
     0 | D:1      | Konan the Troll Earth Elementalist began the quest for the
                  | Orb.
     0 | D:1      | Reached XP level 1. HP: 16/16 MP: 1/1
   273 | D:1      | Reached XP level 2. HP: 24/24 MP: 3/3
   928 | D:1      | Upgraded the game from 0.26-a0-771-g060e6a62af to
                  | 0.26-a0-774-g1415c89e12
  1341 | D:2      | Reached skill level 3 in Earth Magic
  1403 | D:2      | Reached skill level 1 in Unarmed Combat
  1403 | D:2      | Reached XP level 3. HP: 17/31 MP: 4/4
  1663 | D:2      | Found a faded altar of an unknown god.
  2013 | D:2      | Found a shimmering blue altar of Sif Muna.
  2022 | D:2      | Became a worshipper of Sif Muna the Loreminder
  2142 | D:3      | Reached XP level 4. HP: 39/39 MP: 5/5
  2158 | D:3      | Noticed Sigmund
  2235 | D:3      | Killed from afar by an orc priest

Illustrated notes

Levels and vault maps discovered:
D:1:      onia_arrival_mini_spirals, layout_basic, glass_columns_c
D:2:      layout_rooms, led_sif_pool, chequers_ecumenical_altar_island
D:3:      layout_loops_corners, cheibriados_altar_1, gammafunk_ghost_stat_death,
          st_stairs_10, hangedman_decor_points, kennysheep_path_1,
          nicolae_dithmenos_shadow_blocks, uniq_sigmund

Skill      XL: |  1  2  3 |
---------------+----------+-----
Earth Magic    | 3 |  3.1
Unarmed Combat | 1 2 |  2.1
Dodging        | 2 |  2.2
Fighting       | |  0.4
Stealth        | |  1.1
Spellcasting   | |  1.5
Transmutations | |  0.6

Action                   |  1- 3 |  4- 6 || total
-------------------------+-------+-------++-------
Melee: Unarmed           |   125 |    15 ||   140
Throw: Stone             |    14 |     1 ||    15
  Use: Scroll            |     4 |       ||     4
       Potion            |     2 |       ||     2
Armor: Robe              |    66 |     6 ||    72
Dodge: Dodged            |    84 |     5 ||    89

Table legend: (Time is in decaauts)
 A = Elapsed time spent in this place.
 B = Non-inter-level travel time spent in this place.
 C = Inter-level travel time spent in this place.
 D = Time resting spent in this place.
 E = Time spent auto-exploring this place.
 F = Levels seen in this place.
 G = Mean time per level.
                   A        B        C        D        E       F      G
               +--------+--------+--------+--------+--------+-----+--------+
         Total |   2247 |   2247 |      0 |      0 |    876 |   3 |  749.0 |
       Dungeon |   2247 |   2247 |      0 |      0 |    876 |   3 |  749.0 |
               +--------+--------+--------+--------+--------+-----+--------+

Top non-repeatable levels by time:
     D:1: 1326 daAuts
     D:2: 805 daAuts
     D:3: 115 daAuts
